 Dungeon Crawl Stone Soup version 0.30-a0-241-g1121274140 (webtiles) character file.

Game seed: 13361534565993125518

4816 KennySheep the Cleaver (level 10, -5/79 HPs)
             Began as a Human Berserker on Oct 11, 2022.
             Was an Elder of Trog.
             Slain by a large abomination (12 damage)
             ... on level 2 of the Abyss.
             The game lasted 00:17:22 (7872 turns).

KennySheep the Cleaver (Human Berserker)            Turns: 7872, Time: 00:17:23

Health: -5/79      AC: 14    Str: 35    XL:     10   Next: 77%
Magic:  0/10       EV:  9    Int: 11    God:    Trog [****..]
Gold:   1044       SH:  0    Dex:  7    Spells: 9/9 levels left

rFire   + + .      SeeInvis .    v - +1 battleaxe
rCold   + . .      Faith    .    (shield currently unavailable)
rNeg    . . .      Spirit   .    h - +0 plate armour
rPois   .          Reflect  .    e - +0 helmet
rElec   .          Harm     .    (no cloak)
rCorr   .          Rampage  .    (no gloves)
Will    .....                    (no boots)
Stlth   ..........               (no amulet)
HPRegen 0.33/turn                f - +6 ring of strength
MPRegen 0.12/turn                G - ring of Giutuergh {rF++ rC+ Str+6 Int+4 Dex-5}

@: about to teleport
A: no striking features
a: Renounce Religion, Berserk, Trog's Hand, Brothers in Arms


You were on level 2 of the Abyss.
You worshipped Trog.
Trog was greatly pleased with you.
You visited 1 branch of the dungeon, and saw 9 of its levels.
You visited the Abyss 1 time.

You collected 1242 gold pieces.
You spent 198 gold pieces at shops.

Inventory:

Hand Weapons
 a - a +0 hand axe
 v - a +1 battleaxe (weapon)
 B - a +0 war axe
Armour
 b - a +0 animal skin
 e - a +0 helmet (worn)
 h - a +0 plate armour (worn)
Jewellery
 f - a +6 ring of strength (left hand)
 n - a ring of fire
 D - a ring of protection from cold
 G - the ring of Giutuergh (right hand) {rF++ rC+ Str+6 Int+4 Dex-5}
   (You found it on level 8 of the Dungeon)

   [ring of strength]

   Str:       It affects your strength (+6).
   Int:       It affects your intelligence (+4).
   Dex:       It affects your dexterity (-5).
   rF:        It greatly protects you from fire.
   rC:        It protects you from cold.
Wands
 m - a wand of mindburst (7)
 s - a wand of quicksilver (23)
 y - a wand of polymorph (9)
 z - a wand of iceblast (17)
 E - a wand of flame (39)
Scrolls
 c - a scroll of teleportation
 g - a scroll of enchant weapon
 i - 3 scrolls of amnesia
 k - 2 scrolls of immolation
 l - a scroll of poison
 o - a scroll of vulnerability
 p - a scroll of identify
 F - a scroll of magic mapping
Potions
 d - a potion of haste
 j - a potion of ambrosia {unknown}
 q - a potion of brilliance {unknown}
 r - a potion of lignification
 t - a potion of heal wounds
 w - 2 potions of attraction {unknown}
 x - a potion of flight {unknown}
 A - a potion of berserk rage {unknown}
 C - a potion of cancellation {unknown}


   Skills:
 + Level 7.5 Fighting
 * Level 10.3 Axes
 + Level 8.0 Armour
 + Level 5.3 Dodging


You had 9 spell levels left.
You didn't know any spells.
Your spell library was empty.

Dungeon Overview and Level Annotations

Branches:
Dungeon (9/15)             Temple (0/1) D:7
   Lair: D:8-11         Orc: D:9-12

Altars:
Cheibriados
Dithmenos
Gozag
Ru
The Shining One

Shops:
D:8 *

Annotations:
D:9 Maggie


Message History

You flicker for a moment.
You flicker back into view.
A small abomination comes into view.
The small abomination completely misses you.
You barely miss the small abomination.
The small abomination barely misses you.
You slash the small abomination!
The small abomination is moderately damaged.
The small abomination hits you but does no damage.
You barely miss the small abomination.
The small abomination is moderately damaged.
The small abomination hits you but does no damage.
You barely miss the small abomination.
The small abomination is moderately damaged.
The small abomination hits you!
You slice the small abomination!!
You destroy the small abomination!
Trog accepts your kill.
No target in view!
You hear a chilling moan.
Something hits you!!
* * * LOW HITPOINT WARNING * * *
You feel your power leaking away.
Deactivating autopickup; reactivate with Ctrl-A.
As you read the scroll of teleportation, it crumbles to dust.
You feel strangely unstable.
You feel the power of the Abyss delaying your translocation!
Something hits you!
* * * LOW HITPOINT WARNING * * *
You feel much better. Something hits you.
* * * LOW HITPOINT WARNING * * *
A large abomination comes into view.
Something hits you.
* * * LOW HITPOINT WARNING * * *
The large abomination barely misses you.
Something hits you!
* * * LOW HITPOINT WARNING * * *
You feel your power leaking away. The large abomination hits you!
You die...

# ..... ... . # # ..
. .. ..#.. . ######
## ## . .#
#..§§#.#### #
#.#.#.#§.........#
.##.#.#.#....... . ..
#.#...§§....# ...
.#...#.#.#.##...#...#
# # # . .###.X@.....#
.. # .##..##§#####.#
#..# .#..#.§ ## #.
#.#§§..# . #... .#..#
###.## .# # #. #. §#


You could see a large abomination.

Vanquished Creatures
  A two-headed ogre (D:8)
  Pikel (D:5)
  Prince Ribbit (D:7)
  Eustachio (D:5)
  A steam dragon (D:8)
  Edmund (D:5)
  2 ice beasts
  3 orc warriors
  4 black bears
  2 centaurs
  A phantom (D:4)
  A lemure (D:5)
  3 kobold brigands
  Blork the orc (D:5)
  A bullfrog (D:7)
  2 scorpions
  12 wights
  10 killer bees
  A howler monkey (D:5)
  A small abomination (Abyss:2)
  2 hounds
  4 orc priests
  A jelly (D:8)
  Crazy Yiuf (D:3)
  2 iguanas (D:5)
  6 orc wizards
  5 adders
  A shadow imp (D:5)
  2 white imps
  An ufetubus (D:6)
  A dart slug (D:1)
  19 orcs
  5 endoplasms
  3 giant cockroaches
  2 hobgoblins (D:1)
  3 ball pythons
  4 bats
  4 frilled lizards
  4 goblins
  20 kobolds
  5 rats
145 creatures vanquished.

Notes
Turn   | Place    | Note
-------+----------+-------------------------------------------
     0 | D:1      | KennySheep the Human Berserker began the quest for the Orb.
     0 | D:1      | Reached XP level 1. HP: 18/18 MP: 1/1
   109 | D:1      | Reached XP level 2. HP: 14/24 MP: 2/2
   719 | D:1      | Reached XP level 3. HP: 25/29 MP: 3/3
   722 | D:1      | Reached ** piety under Trog
  1996 | D:3      | Found a runed translucent door.
  1997 | D:3      | Noticed Crazy Yiuf
  2005 | D:3      | Killed Crazy Yiuf
  2006 | D:3      | Reached XP level 4. HP: 35/35 MP: 4/4
  2008 | D:3      | Identified the +1 hammer "Netaczua" {vorpal, rElec Int+4
                  | Dex+2}
  2263 | D:4      | Noticed a scorpion
  2277 | D:4      | Killed a scorpion
  2278 | D:4      | Reached skill level 4 in Axes
  2278 | D:4      | Reached XP level 5. HP: 27/41 MP: 5/5
  2361 | D:4      | Noticed a phantom
  2382 | D:4      | Killed a phantom
  2383 | D:4      | Reached XP level 6. HP: 39/48 MP: 6/6
  2571 | D:4      | You fall into a shaft and drop 3 floors!
  2572 | D:7      | Noticed Prince Ribbit
  2582 | D:6      | Noticed an ice beast
  2593 | D:6      | Killed an ice beast
  2694 | D:5      | Entered Level 5 of the Dungeon
  2731 | D:5      | Noticed Edmund
  2738 | D:5      | Killed Edmund
  2739 | D:5      | Reached skill level 5 in Axes
  2739 | D:5      | Reached XP level 7. HP: 54/54 MP: 7/7
  2937 | D:5      | Noticed Blork the orc
  2948 | D:5      | Killed Blork the orc
  2949 | D:5      | Reached skill level 5 in Armour
  3363 | D:5      | Reached skill level 6 in Axes
  3435 | D:5      | Reached XP level 8. HP: 58/61 MP: 8/8
  3503 | D:5      | Noticed Eustachio
  3515 | D:5      | Killed Eustachio
  3516 | D:5      | Reached skill level 5 in Fighting
  3633 | D:5      | Noticed Pikel
  3643 | D:5      | Killed Pikel
  3644 | D:5      | Reached skill level 7 in Axes
  4006 | D:5      | Reached XP level 9. HP: 51/69 MP: 9/9
  4686 | D:6      | Reached skill level 8 in Axes
  4717 | D:6      | Found a snail-covered altar of Cheibriados.
  4722 | D:6      | Found a sacrificial altar of Ru.
  4771 | D:6      | Identified the +6 falchion of Ru's Approval {drain, MP+9
                  | Str-4 Stlth+}
  5056 | D:7      | Killed Prince Ribbit
  5277 | D:7      | Found an opulent altar of Gozag.
  5533 | D:7      | Reached *** piety under Trog
  5622 | D:7      | Found a staircase to the Ecumenical Temple.
  5790 | D:7      | Reached skill level 9 in Axes
  5799 | D:7      | HP: 5/106 [orc warrior/+0 dire flail (5)]
  5800 | D:7      | HP: 2/106 [orc warrior/+0 dire flail (4)]
  5802 | D:7      | Reached XP level 10. HP: 2/77 MP: 10/10
  6571 | D:8      | Found Qoles Asa's Assorted Antiques.
  6574 | D:8      | Bought a notched bronze ring for 110 gold pieces
  6574 | D:8      | Bought a glass wand for 88 gold pieces
  6574 | D:8      | Identified a scroll of acquirement
  6575 | D:8      | Acquired 938 gold pieces
  7109 | D:8      | Reached skill level 10 in Axes
  7109 | D:8      | Reached skill level 5 in Dodging
  7212 | D:8      | Identified the ring of Giutuergh {rF++ rC+ Str+6 Int+4
                  | Dex-5}
  7240 | D:8      | Found a glowing golden altar of the Shining One.
  7370 | D:8      | Reached **** piety under Trog
  7553 | D:8      | Noticed a two-headed ogre
  7559 | D:8      | Killed a two-headed ogre
  7607 | D:8      | Found a shadowy altar of Dithmenos.
  7635 | D:9      | Noticed Maggie
  7638 | Abyss:1  | Cast into level 1 of the Abyss (Maggie)
  7749 | Abyss:1  | Noticed an orange demon
  7761 | Abyss:1  | Noticed a glowing orange brain
  7763 | Abyss:1  | Noticed an eye of devastation
  7866 | Abyss:2  | Noticed a large abomination
  7872 | Abyss:2  | Slain by a large abomination

Illustrated notes

Levels and vault maps discovered:
D:1:      heliophobic_arrival_enchanted_forest, layout_basic,
          nicolae_concentric_dashed_squares_wild
D:2:      layout_loops_corners
D:3:      layout_basic, uniq_crazy_yiuf_cottage
D:4:      layout_loops_ring, lemuel_doored_altar
D:5:      black_bear_nest_2, layout_basic, uniq_edmund, uniq_pikel,
          uniq_eustachio, uniq_blork_the_orc
D:6:      layout_basic, mainiacjoe_overflow_big_doors
D:7:      layout_cave_pools, minmay_temple_entry_stoned_glass, serial_park,
          serial_park_gazebo [serial_park_minivault_5x5_8], serial_park_paths
          [serial_park_minivault_5x5_4], serial_park_tiny_pond,
          uniq_prince_ribbit1
D:8:      layout_loops_ring, marbit_many_paths, mainiacjoe_overflow_alcove_1,
          serial_shops, kennysheep_mini_moat
D:9:      layout_big_octagon, uniq_grum, uniq_maggie
Abyss:2:  base:
D:5

Skill      XL: |  1  2  3  4  5  6  7  8  9 10 |
---------------+-------------------------------+-----
Axes           | 4 5 6 7 9 10 | 10.3
Armour         | 3 4 5 6 7 8 |  8.0
Fighting       | 4 5 6 7 |  7.5
Dodging        | 4 5 |  5.3

Action                   |  1- 3 |  4- 6 |  7- 9 | 10-12 || total
-------------------------+-------+-------+-------+-------++-------
Melee: Hand axe          |    88 |    56 |   146 |       ||   290
       Punch             |       |       |     4 |     1 ||     5
       War axe           |       |       |   116 |    39 ||   155
       Battleaxe         |       |       |       |    72 ||    72
Invok: Berserk           |     2 |     2 |     7 |     1 ||    12
  Use: Scroll            |     5 |     2 |       |     4 ||    11
       Potion            |       |     1 |     6 |     2 ||     9
 Stab: Sleeping          |     1 |       |       |       ||     1
Armor: Animal skin       |     9 |       |       |       ||     9
       Plate armour      |    15 |    38 |   209 |    83 ||   345
Dodge: Dodged            |    50 |    12 |   152 |    52 ||   266

Table legend: (Time is in decaauts)
 A = Elapsed time spent in this place.
 B = Non-inter-level travel time spent in this place.
 C = Inter-level travel time spent in this place.
 D = Time resting spent in this place.
 E = Time spent auto-exploring this place.
 F = Levels seen in this place.
 G = Mean time per level.
                   A        B        C        D        E       F      G
               +--------+--------+--------+--------+--------+-----+--------+
         Total |   8028 |   7624 |    404 |   1256 |   5229 |  11 |  729.8 |
       Dungeon |   7792 |   7388 |    404 |   1256 |   5057 |   9 |  865.8 |
         Abyss |    235 |    235 |      0 |      0 |    172 |   2 |  117.5 |
               +--------+--------+--------+--------+--------+-----+--------+

Top non-repeatable levels by time:
     D:5: 1505 daAuts
     D:7: 1411 daAuts
     D:8: 1248 daAuts
     D:6: 1021 daAuts
     D:1: 972 daAuts
     D:2: 785 daAuts
     D:3: 497 daAuts
     D:4: 345 daAuts
 Abyss:1: 127 daAuts
 Abyss:2: 107 daAuts
     D:9: 3 daAuts
